AoeStats
← Kurzen

Arabia

508190441Analyzed
4v4 RM · 10d ago on Sep 21, 2026· 56m 41s· 8 players
Game mode
Random Map
Map size
Large (8 player)
Population
200
Speed
Normal
Resources
Standard
Victory
Conquest
Starting age
Dark Age
Ending age
Imperial Age
RankedLock teamsTeams togetherTeam positionsShared explorationLock speedFull tech treeHidden civsTurbo modeCheats
Victory
Defeat
🇦🇺 Mongols · Australia
1172
+12
🇦🇺 Teutons · Australia
1074
+16
🇦🇺 Goths · Australia
1006
+17
🇦🇺 Britons · Australia
1004
+18
🇺🇦 Franks · Ukraine
1119
-18
🇫🇷 Ethiopians · France
1047
-15
🇪🇸 Mongols · Spain
1045
-15
🇵🇹 Japanese · Portugal
1043
-15
KBP
5:10 Loom
10:32 Feudal Age
10:43 Man-at-Arms
20:54 Castle Age
22:21 Squires
26:42 Double-Bit Axe
27:30 Scale Mail Armor
27:41 Forging
29:00 Pikeman
31:34 Bow Saw
35:01 Fletching
35:27 Chain Mail Armor
35:47 Iron Casting
39:26 Wheelbarrow
41:01 Bodkin Arrow
43:49 Imperial Age
43:01 Long Swordsman
44:00 Halberdier
44:45 Perfusion
49:37 Conscription
51:11 Blast Furnace
52:30 Chemistry
51:51 Ballistics
51:29 Murder Holes
51:57 Bracer
52:24 Anarchy
53:50 Hand Cart
53:21 Town Watch
Ai1738
10:26 Feudal Age
13:20 Bloodlines
37:07 Loom
41:27 Castle Age
45:01 Scale Barding Armor
45:07 Forging
48:17 Chain Barding Armor
48:33 Iron Casting
53:00 Imperial Age
53:35 Cavalier
55:04 Plate Barding Armor
55:30 Blast Furnace
✪ Sonicaii
11:36 Feudal Age
12:22 Double-Bit Axe
14:26 Loom
17:59 Castle Age
18:15 Fletching
18:26 Padded Archer Armor
18:49 Fletching
18:39 Elite Skirmisher
20:37 Bodkin Arrow
24:00 Bow Saw
23:45 Horse Collar
27:08 Leather Archer Armor
30:16 Heavy Plow
30:50 Crossbowman
33:27 Yeomen
39:17 Imperial Age
37:24 Wheelbarrow
40:17 Bracer
40:48 Ring Archer Armor
40:12 Arbalester
42:08 Chemistry
41:29 Ballistics
46:13 Conscription
47:15 Ballistics
53:18 Warwolf
moss_cow_
9:21 Feudal Age
9:58 Double-Bit Axe
12:32 Bloodlines
19:44 Castle Age
17:49 Gold Mining
18:36 Horse Collar
19:17 Scale Barding Armor
19:24 Forging
19:16 Loom
20:56 Bow Saw
25:27 Husbandry
28:26 Wheelbarrow
30:44 Heavy Plow
33:22 Fletching
33:53 Chain Barding Armor
34:34 Chain Barding Armor
34:08 Town Watch
34:38 Hand Cart
38:20 Imperial Age
39:03 Iron Casting
38:32 Elite Steppe Lancer
40:45 Blast Furnace
42:32 Coinage
43:47 Light Cavalry
44:39 Caravan
45:10 Banking
46:05 Light Cavalry
46:56 Hussar
49:09 Town Watch
Kurzen
6:17 Loom
9:14 Feudal Age
20:16 Double-Bit Axe
22:14 Padded Archer Armor
23:45 Wheelbarrow
24:47 Fletching
28:14 Castle Age
sparttanez
10:03 Feudal Age
22:31 Castle Age
20:21 Loom
21:42 Wheelbarrow
23:33 Gold Mining
23:56 Husbandry
24:02 Double-Bit Axe
25:10 Scale Barding Armor
25:17 Forging
25:56 Gold Shaft Mining
27:36 Hand Cart
27:07 Town Watch
28:03 Stone Mining
31:31 Fletching
33:03 Bodkin Arrow
36:13 Imperial Age
34:08 Chain Barding Armor
35:33 Ballistics
36:12 Murder Holes
39:08 Conscription
39:41 Cavalier
41:39 Chemistry
41:45 Masonry
42:13 Plate Barding Armor
42:14 Iron Casting
42:14 Bow Saw
43:03 Paladin
54:15 #83
55:02 Hoardings
54:45 Scale Mail Armor
57:25 Chain Mail Armor
MIKELROSSI
10:55 Feudal Age
11:03 Feudal Age
15:01 Castle Age
14:34 Double-Bit Axe
14:44 Stone Mining
16:07 Gold Mining
17:37 Loom
21:34 Bow Saw
22:49 Scale Barding Armor
25:52 Ballistics
26:20 Horse Collar
26:42 Fletching
32:19 Gold Shaft Mining
32:28 Town Watch
33:18 Wheelbarrow
35:35 Imperial Age
33:12 Heavy Plow
33:44 Padded Archer Armor
36:53 Hand Cart
36:41 Murder Holes
37:11 Chain Barding Armor
37:15 Husbandry
37:33 Bloodlines
37:37 Thumb Ring
38:27 Bodkin Arrow
38:58 Leather Archer Armor
38:20 Light Cavalry
41:27 Bracer
42:44 Chemistry
42:09 Nomads
43:46 Conscription
44:12 Elite Mangudai
46:18 Scale Mail Armor
46:29 Forging
45:51 Hussar
47:05 Town Patrol
!
7:14 Loom
9:41 Feudal Age
14:24 Man-at-Arms
16:09 Double-Bit Axe
17:06 Horse Collar
25:20 Castle Age
26:45 Bow Saw
32:13 Wheelbarrow
33:02 Heavy Plow
33:13 Padded Archer Armor
33:04 Fletching
33:19 Scale Mail Armor
33:30 Forging
35:47 Padded Archer Armor
35:38 Fletching
36:58 Gold Mining
38:36 Leather Archer Armor
38:17 Bodkin Arrow
44:48 Imperial Age
42:38 Hand Cart
43:31 Thumb Ring
45:37 Heavy Scorpion
46:48 Conscription
52:00 Chemistry
51:21 Ballistics
51:30 Ballistics
51:03 Elite Skirmisher
52:49 Ring Archer Armor
52:20 Bracer
52:16 Pikeman
Connection lost

Rejoining the realm…

Still unreachable

The connection could not be restored.

Session expired

The server has moved on; the page needs a fresh start.